cohdb
Replays
Latest Replays
All Replays
Popular Replays
Top Player Replays
Match Explorer
How It Works
Community
CoH3 Stats
Reddit
Sign in to upload your games and track your stats! →
Sign in with Steam
Match 42305301
Unlisted
Match 42305301
Overview
Messages
Build Orders
End
Construct Section Command Post
Selects Heavy Armor Battlegroup
Dingo Light Scout Car
Dingo Light Scout Car
Royal Engineer Section
Construct Platoon Command Post
Vickers Machine Gun Team
Humber Armored Car
Selects Rigorous Vehicle Training
CMP 15cwt Truck
Light Vehicle Training
6-pounder Anti-tank Gun Team
Unlock Bishop Self-propelled Artillery
Selects Forward Repair Assembly
Bishop Self-propelled Artillery
Royal Engineer Section
Bishop Self-propelled Artillery
Unlock M3 Stuart Light Tanks
M3 Stuart Light Tank
Team Weapon Training
Selects Light Vehicle Withdraw and Refit
Selects Radio Net
God is Stalin's Sex Slavery
Bismarck
皇家炮兵桐藤渚
MonikaのPants
待风的苍鹰
aswe1216
Mustache and Melons
lihao
0
0
Comments
sign in to comment!
No comments posted yet!